 Dungeon Crawl Stone Soup version 0.25-a0-766-g0ecfff5982 (webtiles) character file.

Game seed: 14141690270933342334, levelgen mode: deterministic

963 grmr the Grave Robber (level 7, 0/57 HPs)
             Began as a Deep Dwarf Necromancer on Apr 13, 2020.
             Was a Believer of Makhleb.
             Slain by Edmund
             ... wielding a +5 dire flail of holy wrath
              (3 damage)
             ... on level 6 of the Dungeon.
             The game lasted 00:37:15 (5478 turns).

grmr the Grave Robber (Deep Dwarf Necromancer)      Turns: 5478, Time: 00:37:16

Health: 0/57       AC:  5    Str: 12    XL:     7   Next: 92%
Magic:  0/12       EV: 13    Int: 17    God:    Makhleb [**....]
Gold:   223        SH:  0    Dex: 13    Spells: 9/14 levels left

rFire    . . .     SeeInvis .   d - +4 dagger (speed)
rCold    + . .     Gourm    .   (no shield)
rNeg     . . .     Faith    .   w - +2 leather armour {rC+}
rPois    +         Spirit   .   (no helmet)
rElec    .         Reflect  .   (no cloak)
rCorr    .         Harm     .   (no gloves)
MR       +....                  (no boots)
Stlth    ++........             (no amulet)
HPRegen  0.00/turn              t - ring of poison resistance
MPRegen  0.13/turn              (no ring)

@: lethally poisoned (0 -> 0), about to teleport, mesmerised, non-regenerating
A: damage resistance, heal wounds, sense surroundings 1, no regeneration
a: Heal Wounds, Minor Destruction, Renounce Religion


You were on level 6 of the Dungeon.
You worshipped Makhleb.
Makhleb was pleased with you.
You were not hungry.

You visited 1 branch of the dungeon, and saw 6 of its levels.
You also visited: Ossuary.

You collected 223 gold pieces.

Inventory:

Hand Weapons
 d - a +4 dagger of speed (weapon)
 g - a +0 dagger
 r - a +1 dagger
Missiles
 b - 238 stones (quivered)
 e - a throwing net
Armour
 a - a +0 robe
 w - a +2 leather armour of cold resistance (worn)
Jewellery
 t - a ring of poison resistance (left hand)
Wands
 n - a wand of polymorph (5)
Scrolls
 f - 5 scrolls of remove curse
 h - a scroll of fog
 j - 2 scrolls of magic mapping
 k - 3 scrolls of teleportation
 o - a scroll of fear
 y - a scroll of silence {unknown}
Potions
 l - a potion of curing
 m - 3 potions of lignification
 p - a potion of might
 q - a potion of brilliance
 u - 3 potions of berserk rage
 v - a potion of magic {unknown}
 z - a potion of haste {unknown}
Comestibles
 c - 9 rations


   Skills:
 + Level 1.3 Fighting
 * Level 2.8 Short Blades
 + Level 2.7 Armour
 + Level 3.5 Dodging
 + Level 3.0 Stealth
 + Level 4.0 Spellcasting
 * Level 7.5 Necromancy


You had 9 spell levels left.
You knew the following spells:

 Your Spells              Type           Power        Failure   Level  Hunger
a - Pain                  Necr           ####         1%          1    None
b - Animate Skeleton      Necr           N/A          1%          1    None
c - Vampiric Draining     Necr           ####......   2%          3    ###....

Your spell library contained the following spells:

 Spells                   Type           Power        Failure   Level  Hunger
 Animate Dead             Necr           N/A          9%          4    ####...
 Agony                    Necr           ####....     26%         5    ######.


Dungeon Overview and Level Annotations

Branches:
Dungeon (6/15)             Temple (0/1) D:5         Ossuary (visited)

Altars:
Gozag
Makhleb
Nemelex Xobeh

Annotations:
D:6 Edmund, Maggie


Innate Abilities, Weirdness & Mutations

You are resistant to damage.
You can heal yourself by infusing magical energy.
You passively map a small area around you.
You do not regenerate.


Message History

Edmund says, "A flail is better than a scythe, any day of the week!"
Edmund hits you with a +5 dire flail of holy wrath!
The worker ant bites you but does no damage.
The scorpion stings you.
* * * LOW HITPOINT WARNING * * *
As you read the scroll of teleportation, it crumbles to dust.
You feel strangely unstable.
Maggie hits you with a +0 scimitar of flaming!
* * * LOW HITPOINT WARNING * * *
Maggie burns you.
The worker ant bites you but does no damage.
Edmund barely misses you.
The scorpion stings you but does no damage.
Casting: Vampiric Draining (safe; 2% risk of failure)
Confirm with . or Enter, or press ? or * to list all spells.
You don't have enough magic to cast that spell.
Unknown command.
Maggie misses you.
Edmund hits you with a +5 dire flail of holy wrath.
You die...

, , , # , , , *
#) , ..., * ,
r..##########
,...........# *
#......# * * ,
*#<.a@..##,,
#.s@@...+ ,
,#.......# ,,
#......## ,
#......# ,
,.....$..#
............. ,
#...##.........
#### #.........


You could see Maggie, Edmund, a scorpion and a worker ant.

Vanquished Creatures
  A phantom (D:5)
  An ogre (D:5)
  A jelly (D:5)
  A water moccasin skeleton (D:5)
  A howler monkey (D:4)
  A centaur zombie (D:5)
  A hound (D:4)
  5 orc priests
  4 orc wizards (D:5)
  An iguana (D:5)
  A killer bee zombie (D:5)
  Robin (D:2)
  3 gnolls (D:5)
  A howler monkey skeleton (D:4)
  6 adders
  An ooze (D:4)
  An adder zombie (D:5)
  2 worms
  2 dart slugs
  4 leopard geckos
  19 orcs
  6 giant cockroaches
  14 goblins
  12 hobgoblins
  9 jackals
  A quokka (D:4)
  A ball python (D:3)
  8 bats
  7 frilled lizards
  4 kobolds
  4 rats (D:1)
124 creatures vanquished.

Vanquished Creatures (collateral kills)
  A jelly (D:5)
  An orc priest (D:4)
  An orc wizard (D:4)
  A mummy (D:5)
  A gnoll (D:5)
  2 worms
  2 dart slugs
  5 orcs
  A hobgoblin (D:2)
  2 jackals (D:1)
  A frilled lizard (D:3)
  A rat (D:1)
19 creatures vanquished.

Grand Total: 143 creatures vanquished

Notes
Turn   | Place    | Note
-------+----------+-------------------------------------------
     0 | D:1      | grmr the Deep Dwarf Necromancer began the quest for the
                  | Orb.
     0 | D:1      | Reached XP level 1. HP: 15/15 MP: 3/3
    43 | D:1      | Learned a level 1 spell: Animate Skeleton
   141 | D:1      | Reached XP level 2. HP: 19/22 MP: 0/5
   597 | D:1      | Reached skill level 5 in Necromancy
   639 | D:1      | Reached XP level 3. HP: 22/28 MP: 3/6
   962 | D:2      | Noticed Robin
   984 | D:1      | Reached skill level 1 in Armour
  1158 | D:2      | Learned a level 3 spell: Vampiric Draining
  1225 | D:2      | Found a sparkling altar of Nemelex Xobeh.
  1225 | D:2      | Found a burning altar of Makhleb.
  1230 | D:2      | Became a worshipper of Makhleb the Destroyer
  1758 | D:2      | Killed Robin
  1758 | D:2      | Reached XP level 4. HP: 19/36 MP: 1/6
  1807 | D:2      | Reached skill level 1 in Short Blades
  2300 | D:3      | Reached * piety under Makhleb
  3125 | D:4      | Reached XP level 5. HP: 36/43 MP: 2/8
  3320 | D:4      | Reached skill level 6 in Necromancy
  3348 | D:4      | Reached XP level 6. HP: 45/50 MP: 3/9
  3633 | D:4      | Got a scorched rapier
  3634 | D:4      | Identified the +5 rapier "Earthworm" {antimagic, rF+ Str+5
                  | Dex+3 Stlth-} (You found it on level 4 of the Dungeon)
  4100 | D:5      | Entered Level 5 of the Dungeon
  4162 | D:5      | Found a staircase to the Ecumenical Temple.
  4229 | D:5      | Reached ** piety under Makhleb
  4294 | D:5      | Reached XP level 7. HP: 25/56 MP: 3/11
  4363 | D:5      | Found a sand-covered staircase.
  4379 | Ossuary  | Entered an ossuary
  4624 | D:5      | Reached skill level 1 in Fighting
  4852 | D:5      | Reached skill level 7 in Necromancy
  5346 | D:5      | Found an opulent altar of Gozag.
  5455 | D:6      | Noticed Edmund
  5456 | D:6      | Noticed Maggie
  5478 | D:6      | Slain by Edmund

Levels and vault maps discovered:
D:1:      dpeg_arrival_radiant, layout_basic
D:2:      layout_loops_corners, gammafunk_temple_overflow_wave, uniq_robin
D:3:      layout_rooms, dk_vineyard_3, kennysheep_path_1
D:4:      layout_basic
D:5:      wander_river, layout_basic,
          nicolae_gozag_cash_rules_everything_around_me,
          minmay_temple_entry_antechambers, first_ration,
          gup_ossuary_entry_pyramid
D:6:      layout_gridville, uniq_maggie, uniq_edmund, uniq_eustachio,
          uniq_blork_the_orc

Skill      XL: |  1  2  3  4  5  6  7 |
---------------+----------------------+-----
Spellcasting   | 2 3 4 |  4.0
Necromancy     | 5 6 7 |  7.5
Armour         | 1 2 |  2.7
Short Blades   | 1 2 |  2.8
Dodging        | 3 |  3.5
Fighting       | 1 |  1.3
Stealth        | 3 |  3.0

Action                   |  1- 3 |  4- 6 |  7- 9 || total
-------------------------+-------+-------+-------++-------
Melee: Dagger            |   127 |   243 |   158 ||   528
       Unarmed           |     4 |       |       ||     4
       Rapier            |       |    50 |       ||    50
Throw: Stone             |     3 |     5 |     1 ||     9
 Cast: Pain              |    39 |    33 |     8 ||    80
       Animate Skeleton  |    11 |    19 |    13 ||    43
       Vampiric Draining |     2 |    17 |    20 ||    39
 Abil: Heal Wounds       |     2 |     1 |     1 ||     4
Evoke: Wand              |       |     1 |       ||     1
  Use: Scroll            |     8 |     6 |     4 ||    18
       Potion            |       |     3 |     4 ||     7
 Stab: Distracted        |     1 |       |     1 ||     2
       Sleeping          |       |     2 |       ||     2
  Eat: Ration            |     1 |       |     1 ||     2
       Chunk             |       |    11 |     5 ||    16
Armor: Leather armour    |    43 |   101 |    37 ||   181
Dodge: Dodged            |    92 |   268 |   131 ||   491

Table legend:
 A = Non-vault XP
 B = Vault XP
 C = Vault XP percentage of total XP
 D = Non-vault monster count
 E = Vault monster count
 F = Vault count percentage of total count
                 A         B        C        D         E       F
            +---------+---------+-------+---------+---------+-------
      Total |    1336 |      41 |   3.0 |     131 |      12 |   8.4
            +---------+---------+-------+---------+---------+-------
        D:1 |      43 |      12 |  21.8 |      27 |       6 |  18.2
        D:2 |      35 |      17 |  32.7 |      12 |       5 |  29.4
        D:3 |      68 |       0 |   0.0 |      27 |       0 |   0.0
        D:4 |     281 |       0 |   0.0 |      21 |       0 |   0.0
        D:5 |     909 |      12 |   1.3 |      44 |       1 |   2.2
            +---------+---------+-------+---------+---------+-------
